 Dungeon Crawl Stone Soup version 0.18.1-50-g88ac8fd (webtiles) character file.

32 dvd the Charlatan (level 3, 0/28 HPs)
             Began as a Ghoul Artificer on Oct 21, 2016.
             Slain by Terence
             ... wielding a +0 hand axe
              (4 damage)
             ... on level 2 of the Dungeon.
             The game lasted 00:03:09 (818 turns).

dvd the Charlatan (Ghoul Artificer)                  Turns: 818, Time: 00:03:10

Health: 0/28       AC:  8    Str: 14    XL:     3   Next: 25%
Magic:  4/4        EV: 11    Int:  7    God:
Gold:   84         SH:  0    Dex: 10    Spells: 0 memorised, 2 levels left

rFire  . . .     SeeInvis .     g - +0 mace (protect)
rCold  + . .     Gourm    .     b - +0 leather armour
rNeg   + + +     Faith    .     (no shield)
rPois  ∞         Spirit   .     (no helmet)
rElec  .         Dismiss  .     (no cloak)
rCorr  .         Reflect  .     (no gloves)
SustAt .         Harm     .     (no boots)
MR     .....                    (no amulet)
Stlth  +.........               (no ring)
                                (no ring)

@: rotting, not resistant to hostile enchantments, very unstealthy
A: rotting body, claws 1, carnivore 3, cold resistance 1, negative energy
resistance 3, slow regeneration 1, torment resistance, unbreathing
a: no special abilities


You were on level 2 of the Dungeon.
You were not hungry.

You visited 1 branch of the dungeon, and saw 2 of its levels.

You collected 84 gold pieces.

Inventory:

Hand Weapons
 a - a +0 short sword
 g - a +0 mace of protection (weapon)
Armour
 b - a +0 leather armour (worn)
Wands
 c - a wand of flame (11/48)
 d - a wand of enslavement (12/24)
 e - a wand of random effects (5/48)
Scrolls
 l - a scroll of recharging {unknown}
Potions
 h - a potion of lignification {unknown}
 j - a potion of flight {unknown}
Comestibles
 f - a meat ration
 i - a royal jelly


   Skills:
 + Level 1.3 Fighting
 + Level 0.8 Short Blades
 + Level 0.1 Maces & Flails
 + Level 0.6 Armour
 + Level 2.1 Dodging
 + Level 1.2 Stealth
 + Level 3.3 Evocations


You had 2 spell levels left.
You didn't know any spells.

Dungeon Overview and Level Annotations

Branches:
Dungeon (2/15)

Altars:

Annotations:
D:2 Terence


Innate Abilities, Weirdness & Mutations

Your body is rotting away.
You thrive on raw meat.
You are immune to poison.
You have sharp fingernails.
You are carnivorous and can eat meat at any time.
Your flesh is cold resistant.
You are immune to negative energy.
You regenerate slowly when monsters are visible.
You are immune to unholy pain and torment.
You can survive without breathing.


Message History

The puff of flame hits Terence.
Terence appears unharmed.
Terence is severely wounded.
This wand has 12 charges left.
Terence is no longer moving quickly.
Terence hits you with a hand axe.
* * * LOW HITPOINT WARNING * * *
Unknown command.
Evoke which item? (* to show all) (? for menu, Esc to quit)
Zapping:
c - a wand of flame (12/48)
Press: ? - help, Shift-Dir - straight line, f/p - Terence
Aim: Terence, wielding a hand axe, wearing a scale mail and carrying a wand of hasting {zapped: 1} (severely wounded, poisoned)
The puff of flame hits Terence.
Terence is severely wounded.
This wand has 11 charges left.
Terence hits you with a hand axe.
* * * LOW HITPOINT WARNING * * *
Unknown command.
Unknown command.
You closely miss Terence.
Terence is almost dead.
Terence hits you with a hand axe.
You die...

...###.##<# #<#.#
.#..<.....# #...#
...#.#.#..# #.###
#.........#####.#
#.##.#.#........#
###.####........########
....@....#####.........
###.####.#####.########
#.......)@@..#
........#######
#########


You could see Terence.

Vanquished Creatures
  An ooze (D:1)
  A giant gecko (D:1)
  A ball python (D:1)
  2 giant cockroaches
  4 goblins (D:1)
  3 hobgoblins
  A bat (D:1)
  A giant newt (D:1)
  5 kobolds (D:1)
  A rat (D:1)
20 creatures vanquished.

Vanquished Creatures (collateral kills)
  A goblin (D:2)
  2 hobgoblins
  A rat (D:1)
4 creatures vanquished.

Vanquished Creatures (others)
  A worker ant (D:2)
  A goblin (D:1)
2 creatures vanquished.

Grand Total: 26 creatures vanquished

Notes
Turn   | Place    | Note
--------------------------------------------------------------
     0 | D:1      | dvd the Ghoul Artificer began the quest for the Orb.
     0 | D:1      | Reached XP level 1. HP: 16/16 MP: 1/1
    47 | D:1      | Reached skill level 3 in Evocations
    73 | D:1      | Reached XP level 2. HP: 18/23 MP: 3/3
   499 | D:1      | Reached XP level 3. HP: 23/28 MP: 4/4
   782 | D:2      | Noticed Terence
   818 | D:2      | Slain by Terence

Skill      XL: |  1  2 |
---------------+-------+-----
Evocations     | 3 |  3.3
Dodging        | 2 |  2.1
Fighting       | |  1.3
Short Blades   | |  0.8
Maces & Flails | |  0.1
Armour         | |  0.6
Stealth        | |  1.2

Action                   || total
-------------------------++-------
Melee: Short sword       ||    41
       Mace              ||    47
Evoke: Wand              ||    17
 Stab: Paralysed         ||     1
  Eat: Chunk             ||     2
Armor: Leather armour    ||    38
Dodge: Dodged            ||    65
